 Dungeon Crawl Stone Soup version 0.31-a0-1074-g0b22e4e0f1 (webtiles) character file.

Game seed: 12642287136080058800

60 cowhearter the Cutter (level 4, -1/28 HPs)
             Began as a Kobold Monk on Dec 3, 2023.
             Frozen to death by an endoplasm (4 damage)
             ... on level 2 of the Dungeon.
             The game lasted 00:02:54 (1405 turns).

cowhearter the Cutter (Kobold Monk)                 Turns: 1405, Time: 00:02:54

Health: -1/28      AC:  2    Str:  8    XL:     4   Next: 24%
Magic:  4/4        EV: 17    Int: 11    God:
Gold:   142        SH:  0    Dex: 19    Spells: 3/3 levels left

rFire   . . .        a - +0 short sword
rCold   . . .        (no shield)
rNeg    . . .        b - +0 robe
rPois   .            (no helmet)
rElec   .            (no cloak)
rCorr   .            (no gloves)
SInv    .            (no boots)
Will    .....        (no amulet)
Stlth   +++          (no ring)
HPRegen 0.24/turn    (no ring)
MPRegen 0.09/turn

%: no passive effects
@: no status effects
A: small, no large weapons, nightstalker 3
a: no special abilities


You were on level 2 of the Dungeon.
You visited 1 branch of the dungeon, and saw 2 of its levels.

You collected 142 gold pieces.

Inventory:

Hand Weapons
 a - a +0 short sword (weapon)
Missiles
 e - 35 stones
Armour
 b - a +0 robe (worn)
 d - an orb of light
Magical Staves
 i - a staff of air
Jewellery
 f - a ring of protection from cold
Scrolls
 g - a scroll of noise {unknown}
 h - a scroll of blinking {unknown}
Potions
 c - 2 potions of ambrosia
 j - 2 potions of curing {unknown}
 k - 2 potions of resistance {unknown}


   Skills:
 + Level 3.6 Fighting
 * Level 5.2 Short Blades
 + Level 4.4 Dodging
 + Level 1.1 Stealth


You had 3 spell levels left.
You didn't know any spells.
Your spell library contained the following spells:

 Spells                   Type           Power      Damage    Failure   Level
 Vhi's Electric Charge    Tloc/Air       0%         N/A       98%         4
 Arcjolt                  Conj/Air       0%         1d10      100%        5
 Maxwell's Capacitive Co  Air            0%         ∞         100%        8


Dungeon Overview and Level Annotations

Branches:
Dungeon (2/15)

Altars:


Innate Abilities, Weirdness & Mutations

You are small and have problems with some larger weapons.
You are completely attuned to the shadows.


Message History

The adder is lightly wounded.
You feel sick. The adder misses you.
You barely miss the adder.
The adder is lightly wounded.
You feel sick. The adder closely misses you.
You barely miss the adder.
The adder is lightly wounded.
You feel sick. The adder closely misses you. The endoplasm closely misses you.
You hit the adder.
The adder is heavily wounded.
You feel sick. The adder barely misses you.
You hit the adder.
You kill the adder!
The endoplasm completely misses you.
You feel sick.
You are no longer poisoned.
The endoplasm freezes you.
You are frozen.
The worm misses you.
You see here an adder corpse.
You hit the worm.
The worm is moderately wounded.
The endoplasm freezes you.
You are frozen.
You completely miss the worm.
The worm is moderately wounded.
The endoplasm freezes you.
You are frozen.
The worm bites you!
* * * LOW HITPOINT WARNING * * *
You hit the worm but do no damage.
The worm is lightly wounded.
You hit the worm.
The worm is heavily wounded.
The endoplasm closely misses you.
Unknown command.
You barely miss the worm.
The worm is heavily wounded.
The worm misses you. The endoplasm freezes you.
You are frozen.
You die...

.. #.#..#...).)
#.##...........
B...#..#..#.....
...........#.....
##..........#....<###
...8.....8..#.#..##
............#.#.##
....J....†....#.
....@..†......#
....w>..†..#..#
#+.........<...
#..8.....8..###
#.........).#


You could see a worm and an endoplasm.

Vanquished Creatures
  2 adders (D:2)
  A worm (D:1)
  A dart slug (D:2)
  2 bats (D:1)
  2 endoplasms (D:1)
  4 giant cockroaches
  4 goblins
  A hobgoblin (D:1)
  3 jackals (D:2)
  3 quokkas (D:1)
  A ball python (D:1)
  2 frilled lizards
  3 kobolds (D:1)
  5 rats
34 creatures vanquished.

Notes
Turn   | Place    | Note
-------+----------+-------------------------------------------
     0 | D:1      | cowhearter the Kobold Monk began the quest for the Orb.
     0 | D:1      | Reached XP level 1. HP: 14/14 MP: 1/1
   195 | D:1      | Reached XP level 2. HP: 19/19 MP: 2/2
   543 | D:1      | Reached XP level 3. HP: 23/23 MP: 3/3
  1296 | D:2      | Reached skill level 5 in Short Blades
  1375 | D:2      | Reached XP level 4. HP: 28/28 MP: 4/4
  1378 | D:2      | Reached skill level 1 in Stealth
  1405 | D:2      | Frozen to death by an endoplasm

Illustrated notes

Levels and vault maps discovered:
D:1:      dpeg_arrival_brainrot, layout_basic, minmay_gold_behind_fungi,
          serial_bayou_lake_a
D:2:      layout_basic, grunt_ministairs_15, st_stairs_1,
          kennysheep_generic_room_9

Skill      XL: |  1  2  3  4 |
---------------+-------------+-----
Dodging        | 4 |  4.4
Short Blades   | 5 |  5.2
Stealth        | 1 |  1.1
Fighting       | |  3.6

Action                     |  1- 3 |  4- 6 || total
---------------------------+-------+-------++-------
  Melee: Short sword       |   114 |    22 ||   136
         Punch             |     1 |       ||     1
   Stab: Sleeping          |     5 |       ||     5
 Armour: Robe              |    29 |     4 ||    33
  Dodge: Dodged            |    81 |    17 ||    98

Table legend: (Time is in decaauts)
 A = Elapsed time spent in this place.
 B = Non-inter-level travel time spent in this place.
 C = Inter-level travel time spent in this place.
 D = Time resting spent in this place.
 E = Time spent auto-exploring this place.
 F = Levels seen in this place.
 G = Mean time per level.
                   A        B        C        D        E       F      G
               +--------+--------+--------+--------+--------+-----+--------+
         Total |   1398 |   1398 |      0 |    125 |    948 |   2 |  699.0 |
       Dungeon |   1398 |   1398 |      0 |    125 |    948 |   2 |  699.0 |
               +--------+--------+--------+--------+--------+-----+--------+

Top non-repeatable levels by time:
     D:1: 1273 daAuts
     D:2: 124 daAuts
